 Seeded DCSS version 0.31-a0-507-gbafd7f5274 (webtiles) character file.

Game seed: 11267003436938285035 (custom seed)

3791 innerfire43 the Grappler (level 10, -1/76 HPs)
             Began as a Gnoll Shapeshifter on Aug 9, 2023.
             Succumbed to a water moccasin's poison
             ... on level 7 of the Dungeon.
             The game lasted 00:06:28 (5095 turns).

innerfire43 the Grappler (Gnoll Shapeshifter)       Turns: 5095, Time: 00:06:28

Health: -1/76      AC: 15    Str: 16 (18) XL:     10   Next: 16%
Magic:  17/17      EV: 13    Int:  8 (11) God:
Gold:   335        SH:  0    Dex: 12 (13) Spells: 19/19 levels left

rFire   . .          .
                       - Unarmed
rCold   . . .        (shield currently unavailable)
rNeg    . . .        s - +4 ring mail of Context {Int+3}
rPois   .            (no helmet)
rElec   .            y - +0 cloak
rCorr   .            (no gloves)
SInv    .            (no boots)
Will    .....        h - amulet of the acrobat
Stlth   +            e - +4 ring of protection
HPRegen 0.32/turn    (no ring)
MPRegen 0.15/turn

%: acrobat
@: brilliant, lethally poisoned (-1 -> -14), flux-form, attractive, glowing
A: glow, contaminating, fangs 1, strong nose, distributed training
a: Begin Untransformation


You were on level 7 of the Dungeon.
You were something dangerously unstable.
You visited 1 branch of the dungeon, and saw 7 of its levels.

You collected 335 gold pieces.

Inventory:

Armour
 a - a +0 animal skin
 s - the +4 ring mail of Context (worn) {Int+3}
   (You found it on level 3 of the Dungeon)

   Int+3:     It affects your intelligence (+3).
 y - a +0 cloak (worn)
Jewellery
 e - a +4 ring of protection (left hand)
 h - an amulet of the acrobat (around neck)
 E - a ring of willpower
Talismans
 c - a beast talisman
 d - a flux talisman (active)
Wands
 z - a wand of acid (2)
 B - a wand of charming (10)
Scrolls
 g - a scroll of torment {unknown}
 i - 4 scrolls of enchant armour {unknown}
 j - 5 scrolls of teleportation {unknown}
 n - 2 scrolls of enchant weapon {unknown}
 p - 8 scrolls of identify {unknown}
 q - 2 scrolls of blinking {unknown}
 r - a scroll of amnesia {unknown}
 t - a scroll of butterflies {unknown}
 w - 2 scrolls of poison {unknown}
Potions
 b - 2 potions of lignification
 f - 2 potions of brilliance
 k - a potion of heal wounds {unknown}
 l - a potion of curing {unknown}
 m - a potion of invisibility {unknown}
 o - a potion of enlightenment {unknown}
 v - a potion of haste {unknown}
 x - a potion of degeneration
 C - a potion of berserk rage {unknown}
 D - a potion of might {unknown}


   Skills:
 + Level 5.8 Fighting
 + Level 5.1 Short Blades
 + Level 5.1 Long Blades
 + Level 5.1 Axes
 + Level 5.1 Maces & Flails
 + Level 5.1 Polearms
 + Level 5.1 Staves
 + Level 5.1 Ranged Weapons
 + Level 5.1 Throwing
 + Level 5.1 Armour
 + Level 6.9 Dodging
 + Level 5.1 Stealth
 + Level 5.1 Shields
 + Level 8.4 Unarmed Combat
 + Level 5.1 Spellcasting
 + Level 4.2 Conjurations
 + Level 4.2 Hexes
 + Level 4.2 Summonings
 + Level 4.2 Necromancy
 + Level 4.2 Translocations
 + Level 4.2 Transmutations
 + Level 4.2 Fire Magic
 + Level 4.2 Ice Magic
 + Level 4.2 Air Magic
 + Level 4.2 Earth Magic
 + Level 4.2 Poison Magic
 + Level 5.6 Invocations
 + Level 5.1 Evocations
 + Level 7.9 Shapeshifting


You had 19 spell levels left.
You didn't know any spells.
Your spell library contained the following spells:

 Spells                   Type           Power      Damage    Failure   Level
 Apportation              Tloc           26%        N/A       9%          1
 Necrotise                Necr           52%        1d6       9%          1
 Shock                    Conj/Air       52%        1d6       9%          1
 Summon Small Mammal      Summ           52%        N/A       9%          1
 Blink                    Tloc           26%        N/A       12%         2
 Ensorcelled Hibernation  Hex/Ice        26%        N/A       12%         2
 Lesser Beckoning         Tloc           26%        N/A       12%         2
 Momentum Strike          Conj/Tloc      26%        3d8       12%         2
 Passwall                 Tmut/Erth      10%        N/A       12%         2
 Swiftness                Air            13%        N/A       24%         3
 Airstrike                Air            6%         2d(1-17)  63%         4
 Alistair's Intoxication  Tmut/Pois      8%         N/A       92%         5


Dungeon Overview and Level Annotations

Branches:
Dungeon (7/15)             Temple (0/1) D:4

Altars:
Hepliaklqana
Kikubaaqudgha
Trog


Innate Abilities, Weirdness & Mutations

You are something dangerously unstable.
You glow with magical radiation, making you easy to see and hit.
Foes you strike become dangerously contaminated with magical radiation.
You are incapable of wielding weapons or throwing items.
You have very sharp teeth.
Your uncanny sense of smell can sniff out nearby items.
Your experience applies equally to all skills.


Message History

You barely miss the water moccasin.
The water moccasin is lightly wounded.
The water moccasin bites you.
You are poisoned.
The water moccasin poisons you!
Unknown command.
You barely miss the water moccasin.
The water moccasin is lightly wounded.
You feel very sick. The water moccasin barely misses you.
Unknown command.
You closely miss the water moccasin.
The water moccasin is lightly wounded.
You feel very sick.
The water moccasin bites you but does no damage.
You punch the water moccasin!
The water moccasin glows dangerously bright.
You bite the water moccasin.
The water moccasin is moderately wounded.
You feel sick. The water moccasin bites you.
* * * LOW HITPOINT WARNING * * *
You are lethally poisoned!
The water moccasin poisons you!
The water moccasin bites you but does no damage.
Unknown command.
It was a potion of degeneration.
There was something very wrong with that liquid.
You feel weakened.
You feel dopey.
You feel clumsy.
* * * LOW HITPOINT WARNING * * *
You feel very sick. The water moccasin bites you.
* * * LOW HITPOINT WARNING * * *
It was a potion of attraction.
You feel attractive to monsters.
* * * LOW HITPOINT WARNING * * *
You feel very sick.
The water moccasin bites you but does no damage.
It was a potion of brilliance.
You feel clever all of a sudden.
You die...

#..........
#######..........
###................
..................
###.#####.###......
#.#..###.## ......
∆ #.##.#.#.# ......
##.##.##.# ## ∆
##B####.# #zS#.#
##. ##l ## # †J
.||∆ ..|.∆ ##.||∆
#...


You could see a water moccasin (heavy contam), an iguana, a jelly and a wight.

Vanquished Creatures
  A two-headed ogre (D:7)
  A troll (D:7)
  Prince Ribbit (D:6)
  Grinder (D:5)
  A shadow (D:7)
  A vampire (D:7)
  A vampire mosquito (D:7)
  A steam dragon (D:6)
  An acid dragon (D:7)
  3 water moccasins
  An orc warrior (D:7)
  2 sky beasts
  2 black bears
  2 centaurs
  A bullfrog (D:6)
  4 scorpions
  A howler monkey (D:7)
  An orc priest (D:3)
  5 hounds
  2 gnoll boudas (D:6)
  A jelly (D:5)
  3 iguanas
  4 sleepcaps
  An orc wizard (D:3)
  8 gnolls
  4 adders
  A shadow imp (D:7)
  3 white imps
  2 worms
  3 dart slugs
  16 orcs
  5 ball pythons
  7 endoplasms
  3 giant cockroaches
  2 goblins
  7 hobgoblins
  2 jackals (D:1)
  5 kobolds
  2 quokkas
  3 bats
  5 frilled lizards
  5 rats
125 creatures vanquished.

Vanquished Creatures (others)
  A gnoll (D:6)
  An orc (D:7)
2 creatures vanquished.

Grand Total: 127 creatures vanquished

Notes
Turn   | Place    | Note
-------+----------+-------------------------------------------
     0 | D:1      | innerfire43 the Gnoll Shapeshifter began the quest for the
                  | Orb.
     0 | D:1      | Reached XP level 1. HP: 17/17 MP: 1/1
    47 | D:1      | Reached XP level 2. HP: 6/23 MP: 2/2
   202 | D:1      | You fall into a shaft and drop 1 floor!
   423 | D:1      | Reached XP level 3. HP: 22/28 MP: 3/3
   813 | D:2      | Reached skill level 1 in Invocations
   885 | D:2      | Reached skill level 1 in Short Blades
   885 | D:2      | Reached skill level 1 in Long Blades
   885 | D:2      | Reached skill level 1 in Axes
   885 | D:2      | Reached skill level 1 in Maces & Flails
   885 | D:2      | Reached skill level 1 in Polearms
   885 | D:2      | Reached skill level 1 in Staves
   885 | D:2      | Reached skill level 1 in Ranged Weapons
   885 | D:2      | Reached skill level 1 in Throwing
   885 | D:2      | Reached skill level 1 in Armour
   885 | D:2      | Reached skill level 1 in Stealth
   885 | D:2      | Reached skill level 1 in Shields
   885 | D:2      | Reached skill level 1 in Spellcasting
   885 | D:2      | Reached skill level 1 in Evocations
  1297 | D:3      | Identified the +4 ring mail of Context {Int+3}
  1371 | D:3      | Reached XP level 4. HP: 20/34 MP: 5/5
  1377 | D:3      | Reached skill level 1 in Conjurations
  1377 | D:3      | Reached skill level 1 in Hexes
  1377 | D:3      | Reached skill level 1 in Summonings
  1377 | D:3      | Reached skill level 1 in Necromancy
  1377 | D:3      | Reached skill level 1 in Translocations
  1377 | D:3      | Reached skill level 1 in Transmutations
  1377 | D:3      | Reached skill level 1 in Fire Magic
  1377 | D:3      | Reached skill level 1 in Ice Magic
  1377 | D:3      | Reached skill level 1 in Air Magic
  1377 | D:3      | Reached skill level 1 in Earth Magic
  1377 | D:3      | Reached skill level 1 in Poison Magic
  1563 | D:3      | Reached XP level 5. HP: 40/40 MP: 6/6
  2261 | D:4      | Reached XP level 6. HP: 45/47 MP: 8/8
  2329 | D:4      | Found a bloodstained altar of Trog.
  2356 | D:4      | Found a staircase to the Ecumenical Temple.
  2488 | D:4      | Found a hazy altar of Hepliaklqana.
  2495 | D:4      | Reached skill level 5 in Dodging
  2791 | D:5      | Entered Level 5 of the Dungeon
  2839 | D:5      | Noticed Grinder
  2839 | D:5      | Paralysed by Grinder for 2 turns
  2854 | D:5      | Reached XP level 7. HP: 43/52 MP: 10/10
  2864 | D:5      | Killed Grinder
  2865 | D:5      | Reached skill level 7 in Unarmed Combat
  2885 | D:5      | Found an ancient bone altar of Kikubaaqudgha.
  3613 | D:6      | Reached XP level 8. HP: 60/60 MP: 12/12
  3786 | D:6      | Noticed Prince Ribbit
  3815 | D:6      | Killed Prince Ribbit
  4407 | D:6      | Reached XP level 9. HP: 66/66 MP: 14/14
  5056 | D:7      | Noticed a two-headed ogre
  5056 | D:7      | Noticed a troll
  5059 | D:7      | Reached skill level 5 in Fighting
  5059 | D:7      | Killed a troll
  5060 | D:7      | Reached skill level 8 in Unarmed Combat
  5060 | D:7      | Reached skill level 5 in Invocations
  5063 | D:7      | Killed a two-headed ogre
  5068 | D:7      | Reached XP level 10. HP: 39/75 MP: 15/17
  5071 | D:7      | Reached skill level 5 in Short Blades
  5071 | D:7      | Reached skill level 5 in Long Blades
  5071 | D:7      | Reached skill level 5 in Axes
  5071 | D:7      | Reached skill level 5 in Maces & Flails
  5071 | D:7      | Reached skill level 5 in Polearms
  5071 | D:7      | Reached skill level 5 in Staves
  5071 | D:7      | Reached skill level 5 in Ranged Weapons
  5071 | D:7      | Reached skill level 5 in Throwing
  5071 | D:7      | Reached skill level 5 in Armour
  5071 | D:7      | Reached skill level 5 in Stealth
  5071 | D:7      | Reached skill level 5 in Shields
  5071 | D:7      | Reached skill level 5 in Spellcasting
  5071 | D:7      | Reached skill level 5 in Evocations
  5072 | D:7      | Identified the +3 war axe "Fumotsiv" {speed, Int+3 Stlth+}
  5094 | D:7      | HP: 2/76 [poisoned by a water moccasin]
  5095 | D:7      | Succumbed to a water moccasin's poison

Illustrated notes

Levels and vault maps discovered:
D:1:      reono_arrival_mine, layout_rooms, serial_bayou_lagoon_b
D:2:      layout_basic
D:3:      layout_loops_ring
D:4:      layout_cave_pools, mainiacjoe_overflow_cross_hatched,
          trog_butcher_becter, minmay_temple_entry_overgrown, serial_glass,
          glass_columns_c, glass_columns_b
D:5:      layout_loops_corners, kiku_gazebo_pond_becter,
          kennysheep_decorative_pillar, uniq_grinder
D:6:      minmay_bubble_buster, layout_basic, uniq_prince_ribbit1
D:7:      minmay_the_grid_square_5x5_3x3
          [minmay_the_grid_square_5x5_three_small,
          minmay_the_grid_square_5x5_detours,
          minmay_the_grid_square_5x5_two_small,
          minmay_the_grid_square_5x5_shuriken,
          minmay_the_grid_square_5x5_megaprize_open,
          minmay_the_grid_square_5x5_n_small,
          minmay_the_grid_square_5x5_bracketed,
          minmay_the_grid_square_5x5_checkered_statues,
          minmay_the_grid_square_5x5_almost_minimal], layout_cave_pods,
          mainiacjoe_overflow_small_starburst, ashenzari_conservatory_becter,
          serial_shops, shop, nicolae_shop_dragon_depot, grunt_ministairs_8

Skill      XL: |  1  2  3  4  5  6  7  8  9 10 |
---------------+-------------------------------+-----
Invocations    | 1 2 3 4 5 |  5.6
Short Blades   | 1 2 3 4 5 |  5.1
Long Blades    | 1 2 3 4 5 |  5.1
Axes           | 1 2 3 4 5 |  5.1
Maces & Flails | 1 2 3 4 5 |  5.1
Polearms       | 1 2 3 4 5 |  5.1
Staves         | 1 2 3 4 5 |  5.1
Ranged Weapons | 1 2 3 4 5 |  5.1
Throwing       | 1 2 3 4 5 |  5.1
Armour         | 1 2 3 4 5 |  5.1
Stealth        | 1 2 3 4 5 |  5.1
Shields        | 1 2 3 4 5 |  5.1
Spellcasting   | 1 2 3 4 5 |  5.1
Evocations     | 1 2 3 4 5 |  5.1
Conjurations   | 1 2 3 4 |  4.2
Hexes          | 1 2 3 4 |  4.2
Summonings     | 1 2 3 4 |  4.2
Necromancy     | 1 2 3 4 |  4.2
Translocations | 1 2 3 4 |  4.2
Transmutations | 1 2 3 4 |  4.2
Fire Magic     | 1 2 3 4 |  4.2
Ice Magic      | 1 2 3 4 |  4.2
Air Magic      | 1 2 3 4 |  4.2
Earth Magic    | 1 2 3 4 |  4.2
Poison Magic   | 1 2 3 4 |  4.2
Fighting       | 3 4 5 |  5.8
Dodging        | 5 6 |  6.9
Unarmed Combat | 7 8 |  8.4
Shapeshifting  | 7 |  7.9

Action                     |  1- 3 |  4- 6 |  7- 9 | 10-12 || total
---------------------------+-------+-------+-------+-------++-------
  Melee: Unarmed           |    97 |   159 |   149 |    21 ||   426
         Bite              |     7 |    13 |    25 |     3 ||    48
  Evoke: Wand              |       |       |     5 |     4 ||     9
    Use: Potion            |       |       |       |     3 ||     3
 Armour: Animal skin       |    13 |       |       |       ||    13
         Ring mail         |     1 |    50 |    68 |     7 ||   126
         Skin              |     1 |       |       |       ||     1
  Dodge: Dodged            |    81 |    78 |    97 |    11 ||   267
   Form: Flux              |     1 |       |       |       ||     1

Table legend: (Time is in decaauts)
 A = Elapsed time spent in this place.
 B = Non-inter-level travel time spent in this place.
 C = Inter-level travel time spent in this place.
 D = Time resting spent in this place.
 E = Time spent auto-exploring this place.
 F = Levels seen in this place.
 G = Mean time per level.
                   A        B        C        D        E       F      G
               +--------+--------+--------+--------+--------+-----+--------+
         Total |   5058 |   4862 |    196 |      0 |   4058 |   7 |  722.6 |
       Dungeon |   5058 |   4862 |    196 |      0 |   4058 |   7 |  722.6 |
               +--------+--------+--------+--------+--------+-----+--------+

Top non-repeatable levels by time:
     D:6: 1411 daAuts
     D:3: 906 daAuts
     D:5: 800 daAuts
     D:2: 683 daAuts
     D:1: 619 daAuts
     D:4: 571 daAuts
     D:7: 66 daAuts
